 Dungeon Crawl Stone Soup version 0.12-a0-2431-ge75baf2 (console) character file.

1941378 jeanjacques the Conqueror (level 27, 240/250 HPs)
             Began as a Mummy Artificer on Mar 1, 2013.
             Was a High Priest of Trog.
             Escaped with the Orb
             ... and 3 runes!
             The game lasted 03:40:19 (51349 turns).

jeanjacques the Conqueror (Mummy Artificer)        Turns: 51349, Time: 03:40:19

HP 240/250       AC 34     Str 23      XL: 27
MP   9/29        EV  8     Int 14      God: Trog [*****.]
Gold 2245        SH 29     Dex 15      Spells:  0 memorised, 26 levels left

Res.Fire  : + + .   See Invis. : +   a - +5 demon blade (freeze)
Res.Cold  : + . .   Warding    : .   F - +8 splint mail {rF+}
Life Prot.: + + +   Conserve   : .   x - +0 shield {rflct} {Donald}
Res.Poison: +       Res.Corr.  : .   q - +1 dwarf plumed helmet {Int+3}
Res.Elec. : .       Clarity    : .   l - +1 cloak
Sust.Abil.: . .     Spirit.Shd : +   r - +1 pair of gauntlets {Dex+3}
Res.Mut.  : .       Stasis     : .   I - +0 pair of boots of Sucleilun {rF+ SInv}
Res.Rott. : +       Ctrl.Telep.: x   N - amulet "Shau" {Spirit Contam +Rage Dam+5 S Saprovore : . . . Flight : . G - ring of protection from fire j - +3,+5 ring of slaying

@: very slightly contaminated, extremely resistant to hostile enchantments,
extremely unstealthy
A: no food or potions, fire vulnerability, strongly in touch with death, restore
body, cold resistance 1, life protection 3, poison resistance, torment
resistance, unbreathing
a: Self-Restoration, Burn Spellbooks, Berserk, Trog's Hand, Brothers in Arms,
Renounce Religion, Evoke Berserk Rage
}: 3/15 runes: serpentine, barnacled, silver


You escaped.
You worshipped Trog.
Trog was extremely pleased with you.
You were not hungry.

You visited 10 branches of the dungeon, and saw 66 of its levels.
You visited 2 bazaars.
You also visited: Trove.

You collected 6901 gold pieces.
You spent 4676 gold pieces at shops.

Inventory:

Hand weapons
 a - a +5,+5 demon blade of freezing (weapon)
 b - a +2,+2 demon blade of electrocution {god gift}
 e - a +2,+5 anti-magic double sword {god gift}
 f - the +2,+0 falchion of Terror {freeze, rElec rN+ SInv Stlth+}
   (You found it on level 26 of the Dungeon)

   It has been specially enchanted to freeze those struck by it, causing extra
   injury to most foes and up to double damage against particularly susceptible
   opponents.
   It can also slow down cold-blooded creatures.
   It insulates you from electricity.
   It protects you from negative energy.
   It enhances your eyesight.
   It makes you more stealthy.
 w - a +3,+4 scimitar of flaming
Armour
 l - a +1 cloak (worn)
 q - a +1 dwarven plumed helmet of intelligence (worn)
 r - a +1 pair of gauntlets of dexterity (worn)
 x - a +0 shield of reflection (worn) {Donald}
 F - a +8 splint mail of fire resistance (worn)
 I - the +0 pair of boots of Sucleilun (worn) {rF+ SInv}
   (You bought it in a shop on level 2 of the Vaults)

   It protects you from fire.
   It enhances your eyesight.
Magical devices
 d - a wand of teleportation (2)
 h - a wand of disintegration (1)
 o - a wand of hasting (2)
 v - a wand of teleportation (3)
 y - a wand of digging (2)
 H - a wand of heal wounds (5)
 O - a wand of teleportation (0)
Scrolls
 g - a scroll of fear
Jewellery
 c - an uncursed ring of teleport control
 j - a +3,+5 ring of slaying (left hand)
 p - an uncursed ring of regeneration
 u - the ring "Peall" {Hunger- rElec rPois rN+ Stlth++}
   (You found it in a treasure trove)

   [ring of sustenance]

   It insulates you from electricity.
   It protects you from poison.
   It protects you from negative energy.
   It makes you much more stealthy.
 z - a +5 ring of evasion
 A - an uncursed amulet of conservation
 G - a ring of protection from fire (right hand)
 J - an uncursed amulet of resist corrosion
 M - the ring "Pynov" {SustAb Str+1 Int+2}
   (You found it in a treasure trove)

   [ring of sustain abilities]

   It affects your strength (+1).
   It affects your intelligence (+2).
 N - the amulet "Shau" (around neck) {Spirit Contam +Rage Dam+5 SInv}
   (You found it in a treasure trove)

   [amulet of guardian spirit]

   It affects your damage-dealing abilities (+5).
   It enhances your eyesight.
   It lets you go berserk.
   It causes magical contamination when unequipped.
 P - an uncursed ring of teleportation
Orbs of Power
 i - the Orb of Zot
Miscellaneous
 D - a legendary deck of dungeons {Water}


   Skills:
 O Level 27 Fighting
   Level 0.7 Short Blades
 + Level 17.9 Long Blades
 * Level 20.8 Armour
 - Level 1.5 Dodging
 - Level 0.7 Stealth
 - Level 15.0 Shields
 - Level 9.0 Traps
 - Level 4.6 Evocations


You had 26 spell levels left.
You didn't know any spells.

Dungeon Overview and Level Annotations

Branches:
Dungeon (27/27)            Temple (1/1) D:6             Orc (4/4) D:8
    Elf (0/3) Orc:4          Lair (8/8) D:10         Shoals (5/5) Lair:4
  Snake (5/5) Lair:4        Slime (0/6) Lair:7       Vaults (5/5) D:18
  Blade (1/1) Vaults:3      Crypt (5/5) Vaults:3        Zot (5/5) D:27
   Tomb: Crypt:2-3

Altars:
Ashenzari
Cheibriados
Elyvilon
Kikubaaqudgha
Makhleb
Okawaru
Sif Muna
Trog
Xom
Yredelemnul
Zin
the Shining One

Shops:
D:16: ?% D:21: % D:22: = D:26: + Orc:4: [=(* Shoals:4: % Snake:3: ! Vaults:2: * Vaults:3: *[! Vaults:4: ? Vaults:5: !

Portals:
Hell: D:21 D:23 D:24 D:26 D:27
Abyss: D:24 D:25
Pandemonium: D:21 D:24
Ziggurat: D:15 (3580 gp)

Annotations
D:19 Mara
D:20 exclusion: upstairs
D:23 exclusion: downstairs
D:25 Boris
D:26 exclusion: upstairs
Orc:3 Urug
Orc:4 exclusion: upstairs
Lair:7 exclusion: downstairs
Shoals:2 exclusion: 2 downstairs
Shoals:3 exclusion: oklob plant, Roxanne
Snake:1 Nikola
Crypt:2 exclusion: curse skull
Crypt:3 exclusion: curse skull


Innate Abilities, Weirdness & Mutations

You do not eat or drink.
Your flesh is vulnerable to fire.
You are strongly in touch with the powers of death.
You can restore your body by infusing magical energy.
Your flesh is cold resistant.
You are immune to negative energy.
Your system is resistant to poisons.
You are immune to unholy pain and torment.
You can survive without breathing.


Message History

You climb upwards.
You sense a powerful magical force warping space.
There is a stone staircase leading down here.
Your skin is crawling a little less now.
HP restored.
You found a dart trap!
Your skin stops crawling.
You feel less resistant to hostile enchantments.
You found a dart trap!
You open the door.
There is an open door here.
A giant cockroach comes into view.
You avoid triggering a dart trap.
There is a dart trap here.
You see here a dart.
The giant cockroach bites you but does no damage.
You barely miss the giant cockroach. The giant cockroach closely misses you.
You hit the giant cockroach.
You kill the giant cockroach!
Trog accepts your kill.
You see here a giant cockroach corpse.
There is an open door here.
An iron devil comes into view.
There is a stone staircase leading up here.
The iron devil screeches!
You climb upwards.
You sense a powerful magical force warping space.
There is a stone staircase leading down here.
Your body decomposes!
You feel less contaminated with magical energies.
HP restored.
There is a staircase leading out of the dungeon here.
Use which ability? (? or * to list)
Okay, then.
Use which ability? (? or * to list)
You infuse your body with magical energy.
You feel your strength returning.
You feel your dexterity returning.
You feel magic returning to you.
It glows with a cold blue light!
a - a +5,+5 demon blade of freezing (weapon)
You have escaped!

#### #... #########.##
#.........# ########.........#
#.M...##........># #####
#................#
#...########.....##..!......##
#.>.....................)....#
#...########....)######.####.#
#...# #.....# #........ #...#
#.....# #..####.# #...#
###.#.# #..# #.# #...# #.#.#
#..# #.#


There were no monsters in sight!

Vanquished Creatures
  4 orbs of fire (Zot:5)
  3 ancient liches
  Saint Roka (D:19)
  2 Killer Klowns (Zot:5)
  A pandemonium lord (D:4)
  4 golden dragons
  Xtahua (Vaults:2)
  5 bone dragons
  A Hell Sentinel (Zot:5)
  A Brimstone Fiend (Zot:5)
  11 tentacled monstrosities
  22 Orb Guardians (Zot:5)
  3 liches
  7 shadow dragons
  4 titans
  Kirke (Snake:3)
  A kraken (Shoals:5)
  14 storm dragons
  4 sphinxes
  A mummy priest (D:26)
  Ilsuiw (Shoals:5)
  A draconian knight (Zot:5)
  Donald (Orc:3)
  2 ghost moths (Zot:5)
  14 frost giants
  3 ghouls
  Wiglaf (D:25)
  A fire giant (shapeshifter) (Vaults:4)
  A draconian shifter (Zot:5)
  8 fire giants
  40 stone giants
  A cacodemon (D:23)
  A minotaur (D:26)
  A curse skull (Crypt:3)
  6 greater nagas (Snake:5)
  A tengu (D:26)
  A grey draconian (Zot:1)
  A deep dwarf (D:26)
  A yellow draconian (Zot:1)
  A deep elf annihilator (D:26)
  3 pale draconians
  A red draconian (Zot:5)
  2 purple draconians
  A mottled draconian (Zot:5)
  2 white draconians
  A titan zombie (Crypt:5)
  2 vampire knights (Crypt:5)
  Snorg (Snake:2)
  2 storm dragon zombies
  An elf (D:26)
  16 dragons
  A great orb of eyes (shapeshifter) (Vaults:5)
  2 sirens
  10 ettins
  A titan skeleton (D:24)
  2 ravenous item mimics
  41 yaktaur captains
  An ice dragon (Zot:2)
  23 vault guards
  3 great orbs of eyes
  6 death cobs
  Josephine (Snake:1)
  3 merfolk javelineers (Shoals:5)
  5 hydras
  A ravenous feature mimic (D:27)
  2 merfolk aquamancers (Shoals:5)
  7 ogre magi
  3 anacondas
  An alligator snapping turtle (Shoals:5)
  Nessos (Snake:2)
  A rakshasa (D:17)
  A deep elf demonologist (Vaults:5)
  A sphinx zombie (Vaults:3)
  3 merfolk impalers (Shoals:5)
  4 death yaks
  8 deep troll earth magi
  A death yak (shapeshifter) (Vaults:5)
  2 fire giant zombies
  10 dancing weapons
  6 deep troll shamans
  3 stone giant zombies
  40 deep trolls
  15 centaur warriors
  11 very ugly things
  A sphinx skeleton (D:16)
  A frost giant skeleton (Crypt:3)
  3 fire giant skeletons
  5 orc high priests (Orc:4)
  14 stone giant skeletons
  4 iron golems (Crypt:5)
  An iron dragon skeleton (Crypt:3)
  24 skeletal warriors
  6 deep elf knights
  7 iron trolls
  A soul eater (D:26)
  An iron troll (shapeshifter) (Vaults:5)
  6 hell knights (Crypt:5)
  A sea snake (shapeshifter) (Vaults:5)
  7 flayed ghosts
  2 shadow wraiths
  A dire elephant skeleton (Crypt:5)
  4 large abominations
  3 iron troll zombies
  A draconian (Lair:6)
  A redback zombie (D:16)
  19 hill giants
  A green draconian zombie (Crypt:2)
  8 naga warriors
  4 unseen horrors
  A sea snake zombie (Crypt:5)
  6 sea snakes
  24 harpies
  3 crystal golems (Crypt:5)
  A green draconian skeleton (Crypt:4)
  A giant amoeba (shapeshifter) (Vaults:4)
  A giant amoeba (Vaults:1)
  A hydra zombie (D:14)
  A guardian serpent (D:22)
  A wolf spider (shapeshifter) (Vaults:4)
  26 orc knights
  A purple draconian skeleton (Crypt:5)
  6 wolf spiders
  5 orc sorcerers
  A moth of wrath (shapeshifter) (Vaults:5)
  8 necromancers
  2 harpy zombies (D:20)
  A harpy (shapeshifter) (D:18)
  6 griffons
  10 cyclopes
  5 phantasmal warriors
  A catoblepas skeleton (Crypt:5)
  A red wasp (Vaults:1)
  A dragon zombie (D:20)
  3 spiny worms
  3 hydra skeletons
  A cyclops (shapeshifter) (Vaults:5)
  24 black mambas
  A sixfirhy (D:6)
  An ettin zombie (Vaults:3)
  21 moths of wrath
  2 griffon zombies
  An eye of devastation (shapeshifter) (D:27)
  A hellwing (D:21)
  2 orange demons
  An elephant slug (Lair:8)
  5 elephants (Lair:7)
  16 spiny frogs
  A feature mimic (D:11)
  A black mamba zombie (Snake:1)
  A rock troll (shapeshifter) (Vaults:5)
  3 hill giant zombies
  A slime creature (shapeshifter) (Vaults:4)
  68 slime creatures
  5 ettin skeletons
  An item mimic (D:18)
  53 yaktaurs
  78 ugly things
  3 mermaids (shapeshifter)
  A hill giant skeleton (D:16)
  An iron devil (Orc:4)
  A green draconian simulacrum (Crypt:3)
  A silent spectre (Crypt:1)
  A black draconian simulacrum (Crypt:3)
  16 naga magi
  Grinder (D:3)
  A komodo dragon (shapeshifter) (D:27)
  9 mermaids
  A wandering mushroom (D:16)
  An efreet (Zot:2)
  A spriggan skeleton (Crypt:5)
  25 blink frogs
  A human zombie (D:16)
  11 two-headed ogres
  13 trolls
  Prince Ribbit (D:7)
  6 komodo dragons
  2 spriggans (shapeshifter)
  2 smoke demons (D:21)
  A deep troll zombie (D:25)
  6 snapping turtles
  A rock troll zombie (Crypt:1)
  A human (D:22)
  3 giant leeches (Lair:8)
  A two-headed ogre (shapeshifter) (Vaults:5)
  2 deep troll skeletons
  A grizzly bear (shapeshifter) (D:18)
  An elephant zombie (Crypt:4)
  A snapping turtle skeleton (Crypt:1)
  4 wyverns
  A blue devil (D:23)
  A tarantella (shapeshifter) (Vaults:3)
  5 basilisks
  A blink frog skeleton (D:16)
  2 tarantellas (D:25)
  3 chaos spawn
  A neqoxec (D:4)
  2 sharks
  A jumping spider (D:25)
  19 yaks
  A lindwurm skeleton (Crypt:2)
  A steam dragon (D:12)
  4 wraiths
  A hill giant simulacrum (D:17)
  2 hungry ghosts
  17 merfolk
  2 fire crab zombies
  2 redbacks (D:25)
  A war dog (shapeshifter) (Vaults:5)
  6 war dogs (Lair:2)
  A fire drake zombie (Crypt:5)
  5 deep elf fighters
  15 hippogriffs
  4 vampires
  5 fire drakes
  A fire elemental (D:26)
  15 water elementals (Shoals:5)
  A merfolk (shapeshifter) (D:27)
  2 trapdoor spiders
  A ynoxinul (D:6)
  A redback (shapeshifter) (Vaults:5)
  A rock worm (D:19)
  3 soldier ants
  Edmund (D:8)
  13 manticores
  A mottled dragon (D:14)
  4 cyclops zombies
  Menkaure (D:5)
  22 vampire mosquitoes
  5 freezing wraiths
  3 hell hounds (D:17)
  A komodo dragon skeleton (D:11)
  4 sky beasts
  A wyvern zombie (Crypt:3)
  59 orc warriors
  A red devil (D:23)
  3 boulder beetles
  A deep elf priest (Vaults:4)
  An orb spider zombie (Crypt:2)
  A phantom (Crypt:2)
  3 small abominations
  10 necrophages
  4 yaktaur skeletons
  A manticore skeleton (Crypt:4)
  A polar bear zombie (Crypt:5)
  2 yak zombies
  2 boulder beetle zombies
  3 cyclops skeletons
  4 ice beasts
  23 centaurs
  37 ogres
  A black bear (shapeshifter) (D:27)
  4 crocodiles
  40 nagas
  5 giant goldfish
  6 boring beetles
  20 giant frogs
  2 rotting devils (D:4)
  2 brain worms
  A water moccasin (shapeshifter) (D:27)
  6 wargs
  22 water moccasins
  A boring beetle zombie (Crypt:5)
  A basilisk zombie (D:16)
  12 giant slugs
  2 wolf skeletons
  An earth elemental (D:26)
  2 big kobolds
  A water moccasin zombie (Snake:1)
  3 soldier ant zombies
  7 agate snails
  A giant frog skeleton (D:16)
  An elf (shapeshifter) (Vaults:1)
  2 basilisk skeletons
  A two-headed ogre skeleton (Crypt:5)
  An eye of draining (D:11)
  4 killer bees
  An eye of draining (shapeshifter) (Vaults:5)
  7 jellyfish
  A warg skeleton (Crypt:3)
  A pulsating lump (Vaults:3)
  10 wights
  2 brain worm zombies
  8 crimson imps
  A felid skeleton (Crypt:5)
  An ogre zombie (Crypt:2)
  A pulsating lump (shapeshifter) (D:22)
  9 electric eels
  2 goliath beetles
  A deep dwarf zombie (Crypt:3)
  A fire bat (D:7)
  4 big kobold zombies
  A tengu skeleton (Crypt:2)
  2 hound zombies
  2 shadows
  7 big fish
  4 big kobold skeletons
  A demonspawn skeleton (Crypt:4)
  11 hounds
  2 scorpions
  38 orc priests
  2 naga zombies (Snake:1)
  3 deep elf soldiers
  9 iguanas
  32 orc wizards
  4 hound skeletons
  6 worker ants
  4 porcupines
  A big kobold simulacrum (D:17)
  27 sheep
  A swamp drake zombie (Crypt:3)
  A worm zombie (Crypt:4)
  Ijyb (D:7)
  A boggart (shapeshifter) (Vaults:5)
  A goliath beetle zombie (D:11)
  A jelly (D:13)
  Terence (D:3)
  26 flying skulls
  30 adders
  A gnoll (Lair:5)
  A giant centipede zombie (Crypt:3)
  22 green rats
  A scorpion zombie (D:6)
  4 giant centipedes
  2 giant mites
  An adder skeleton (D:4)
  An inept feature mimic (D:8)
  A white imp (Vaults:5)
  A giant mite (shapeshifter) (Vaults:4)
  A shadow imp (Vaults:5)
  6 worms
  3 ufetubi
  2 bat skeletons
  2 bat zombies
  A giant eyeball (D:10)
  7 giant geckos
  A gnoll skeleton (D:20)
  An ooze (D:1)
  155 orcs
  A ball python (Snake:1)
  8 giant cockroaches
  24 hobgoblins
  6 jackals
  27 kobolds
  6 quokkas
  23 bats
  A giant gecko skeleton (Crypt:2)
  3 giant gecko zombies
  6 giant newts
  A goblin (shapeshifter) (D:27)
  9 goblins
  2 illusory rakshasas (D:17)
  A kobold skeleton (D:10)
  2 orc skeletons
  A quokka skeleton (Crypt:3)
  10 rats
  A rat skeleton (D:20)
  2 fungi
  3 plants
  5 tentacles (Shoals:5)
2199 creatures vanquished.

Vanquished Creatures (collateral kills)
  Jorgrun (Snake:4)
  Harold (Lair:1)
  3 hydras
  4 death yaks (Lair:4)
  6 skeletal warriors (D:16)
  An orc knight (Orc:2)
  A harpy (Shoals:3)
  A phantasmal warrior (D:20)
  A vampire mage (D:16)
  A griffon (Lair:5)
  A naga mage (Snake:4)
  A grizzly bear (Lair:5)
  A shark (Shoals:3)
  A merfolk (Shoals:3)
  3 orc warriors (Orc:2)
  5 nagas (Snake:4)
  2 orc priests (Orc:2)
  A porcupine (Lair:5)
  3 green rats (Lair:1)
  A flying skull (D:20)
  9 orcs (Orc:2)
  A bat (D:3)
  3 hobgoblins
  A kobold (D:1)
  A rat (D:2)
54 creatures vanquished.

Vanquished Creatures (others)
  2 deep troll shamans (D:27)
  5 deep trolls (D:27)
  A naga warrior (Snake:5)
  3 naga magi (Snake:5)
  An efreet (D:20)
  4 humans (Snake:3)
  A two-headed ogre (Vaults:5)
  A small abomination (Lair:1)
  5 ogres
  A giant frog (Lair:8)
  An orc priest (Vaults:2)
  A hound (D:11)
  2 adders
  A flying skull (Crypt:5)
  4 orcs
  A quokka (Lair:1)
  8 fungi
  A plant (Lair:8)
  15 tentacles (Shoals:5)
  171 tentacle segments (Shoals:5)
229 creatures vanquished.

Grand Total: 2482 creatures vanquished

Notes
Turn   | Place    | Note
--------------------------------------------------------------
     0 | D:1      | jeanjacques, the Mummy Artificer, began the quest for the Orb.
     0 | D:1      | Reached XP level 1. HP: 16/16 MP: 1/1
   181 | D:3      | Noticed Grinder
   182 | D:3      | Paralysed by Grinder for 7 turns
   191 | D:3      | Paralysed by Grinder for 7 turns
   200 | D:3      | Paralysed by Grinder for 5 turns
   208 | D:3      | Killed Grinder
   208 | D:3      | Reached skill level 3 in Fighting
   208 | D:3      | Reached skill level 4 in Evocations
   208 | D:3      | Reached XP level 2. HP: 2/22 MP: 3/3
   208 | D:3      | Reached XP level 3. HP: 2/28 MP: 5/5
   208 | D:3      | Reached XP level 4. HP: 2/34 MP: 7/7
   208 | D:3      | Reached XP level 5. HP: 2/40 MP: 8/8
   285 | D:3      | Found a bloodstained altar of Trog.
   294 | D:3      | Became a worshipper of Trog the Wrathful
   494 | D:1      | Reached skill level 4 in Fighting
   497 | D:1      | Acquired Trog's first power
   700 | D:3      | Reached XP level 6. HP: 43/47 MP: 10/10
   740 | D:3      | Acquired Trog's second power
   785 | D:3      | Noticed Terence
   829 | D:3      | Killed Terence
  1084 | D:4      | Reached skill level 5 in Fighting
  1084 | D:4      | Reached skill level 1 in Armour
  1129 | D:5      | Entered Level 5 of the Dungeon
  1256 | D:5      | Noticed Menkaure
  1261 | D:5      | Killed Menkaure
  1261 | D:5      | Reached skill level 6 in Fighting
  1261 | D:5      | Reached XP level 7. HP: 47/54 MP: 12/12
  1461 | D:6      | HP: 5/54 [orc/orcish trident (5)]
  1484 | D:6      | Reached skill level 7 in Fighting
  1529 | D:6      | Found a staircase to the Ecumenical Temple.
  1550 | D:6      | You fall through a shaft!
  1659 | D:6      | Found a basalt altar of Yredelemnul.
  1867 | D:7      | Found an iron altar of Okawaru.
  1947 | D:6      | Reached XP level 8. HP: 30/62 MP: 14/14
  2058 | D:6      | Reached skill level 8 in Fighting
  2139 | D:6      | Found a glowing golden altar of the Shining One.
  2139 | D:6      | Noticed an angel
  2174 | D:6      | Found a snail-covered altar of Cheibriados.
  2233 | D:7      | Noticed Ijyb
  2249 | D:7      | Killed Ijyb
  2536 | D:8      | Acquired Trog's third power
  2626 | D:7      | Reached skill level 9 in Fighting
  2722 | D:8      | Noticed Edmund
  2737 | D:8      | Killed Edmund
  2909 | D:9      | Found a shimmering altar of Xom.
  3168 | D:7      | Reached XP level 9. HP: 69/71 MP: 15/15
  3224 | D:7      | Reached skill level 1 in Long Blades
  3278 | D:7      | Noticed Prince Ribbit
  3297 | D:7      | Killed Prince Ribbit
  3297 | D:7      | Reached skill level 2 in Long Blades
  3472 | D:6      | Reached skill level 3 in Long Blades
  3615 | Temple   | Entered the Ecumenical Temple
  3729 | D:8      | Found an ancient bone altar of Kikubaaqudgha.
  3953 | D:9      | Reached skill level 1 in Shields
  4072 | D:10     | Entered Level 10 of the Dungeon
  4363 | D:10     | Reached skill level 4 in Long Blades
  4375 | D:10     | Reached skill level 2 in Shields
  4554 | D:10     | Reached skill level 5 in Long Blades
  4696 | D:11     | Noticed an eight-headed hydra skeleton
  4711 | D:10     | Noticed a hill giant
  4728 | D:10     | Reached skill level 3 in Shields
  4732 | D:10     | Killed a hill giant
  4732 | D:10     | Reached skill level 6 in Long Blades
  4732 | D:10     | Reached XP level 10. HP: 46/78 MP: 17/17
  4812 | D:10     | Found a staircase to the Lair.
  4917 | D:10     | Reached skill level 10 in Fighting
  4969 | Lair:1   | Entered Level 1 of the Lair of Beasts
  5071 | Lair:1   | Reached skill level 4 in Shields
  5213 | Lair:1   | Reached skill level 7 in Long Blades
  5482 | Lair:2   | Reached skill level 5 in Shields
  5594 | Lair:2   | Reached skill level 8 in Long Blades
  5643 | Lair:2   | Found a glowing golden altar of the Shining One.
  5643 | Lair:2   | Found a white marble altar of Elyvilon.
  5644 | Lair:2   | Found a glowing silver altar of Zin.
  5738 | Lair:3   | Reached skill level 9 in Long Blades
  5815 | Lair:2   | Reached XP level 11. HP: 85/85 MP: 18/18
  6147 | Lair:4   | Reached skill level 10 in Long Blades
  6238 | Lair:4   | Noticed a death yak
  6251 | Lair:4   | Noticed a death yak
  6253 | Lair:4   | Noticed a death yak
  6253 | Lair:4   | Noticed a death yak
  6265 | Lair:4   | Killed a death yak
  6276 | Lair:4   | Killed a death yak
  6278 | Lair:4   | Killed a death yak
  6289 | Lair:4   | Killed a death yak
  6358 | Lair:4   | Found a staircase to the Shoals.
  6365 | Lair:4   | Found a staircase to the Snake Pit.
  6376 | Lair:5   | Noticed an eight-headed hydra
  6381 | Lair:5   | Killed an eight-headed hydra
  6381 | Lair:5   | Reached skill level 11 in Long Blades
  6520 | Lair:5   | Noticed a five-headed hydra
  6534 | Lair:5   | Killed a five-headed hydra
  6535 | Lair:5   | Received a gift from Trog
  6758 | Lair:5   | Reached skill level 12 in Long Blades
  7034 | Lair:6   | Noticed a draconian
  7034 | Lair:6   | a black mamba changed into a draconian
  7045 | Lair:6   | Killed a draconian
  7628 | Lair:1   | Noticed Harold
  7842 | Lair:1   | Killed Harold
  8285 | D:12     | Reached XP level 12. HP: 92/92 MP: 15/20
  8288 | D:12     | Reached skill level 13 in Long Blades
  8289 | D:12     | Noticed a hill giant
  8777 | D:11     | Killed a two-headed hydra skeleton
  8959 | D:11     | Found a portal to a secret trove of treasure.
  8963 | D:12     | Noticed a hill giant
  8981 | D:12     | Killed a hill giant
  9274 | D:12     | Reached skill level 14 in Long Blades
  9353 | D:11     | Reached skill level 2 in Armour
  9426 | D:11     | Killed an unseen horror
  9426 | D:11     | Reached skill level 3 in Armour
 10250 | D:8      | Found a staircase to the Orcish Mines.
 10276 | Orc:1    | Entered Level 1 of the Orcish Mines
 10300 | Orc:1    | Received a gift from Trog
 10301 | Orc:1    | Got an iridescent war axe {god gift}
 10428 | Orc:2    | Reached skill level 4 in Armour
 10610 | Orc:3    | Noticed Donald
 10653 | Orc:4    | Entered Level 4 of the Orcish Mines
 10725 | Orc:3    | Killed Donald
 10725 | Orc:3    | Reached skill level 5 in Armour
 10793 | Orc:3    | Reached skill level 6 in Armour
 11239 | Orc:4    | Found a staircase to the Elven Halls.
 11448 | Orc:4    | Received a gift from Trog
 11771 | Orc:3    | Noticed Urug
 11833 | Orc:4    | Noticed an orc high priest
 11849 | Orc:4    | Noticed a sun demon
 11906 | Orc:4    | Killed an orc high priest
 11906 | Orc:4    | Reached skill level 7 in Armour
 11906 | Orc:4    | Reached skill level 6 in Shields
 12099 | Orc:4    | Reached skill level 7 in Shields
 12578 | Orc:4    | Noticed an orc high priest
 12609 | Orc:4    | Killed an orc high priest
 12609 | Orc:4    | Reached XP level 13. HP: 89/98 MP: 20/20
 12706 | Orc:4    | Reached skill level 8 in Shields
 12995 | Orc:4    | Noticed an orc high priest
 13004 | Orc:4    | Killed an orc high priest
 13004 | Orc:4    | Reached skill level 9 in Shields
 13092 | Orc:4    | Noticed an orc high priest
 13240 | Orc:4    | Killed an orc high priest
 13286 | Orc:4    | Found Vonyn's Antique Armour Boutique.
 13288 | Orc:4    | Found Plog's Jewellery Shop.
 13288 | Orc:4    | Noticed an orc high priest
 13289 | Orc:4    | Found Qobiyfro's Antique Weapon Boutique.
 13289 | Orc:4    | Found Imatiur's Assorted Antiques.
 13297 | Orc:4    | Killed an orc high priest
 13316 | Orc:4    | Bought an uncursed amulet of conservation for 350 gold pieces
 13320 | Orc:4    | Bought a polished splint mail for 475 gold pieces
 13338 | Orc:4    | Identified the +5 splint mail of the Four Eyes {Dex-2 Int-2} (You bought it in a shop on level 4 of the Orcish Mines)
 13339 | Orc:4    | Bought a glowing shield for 112 gold pieces
 13365 | Orc:4    | Bought a dazzling ring mail for 225 gold pieces
 13381 | Orc:4    | Identified the cursed -5 ring mail of the Cicada {Dex+3} (You bought it in a shop on level 4 of the Orcish Mines)
 13383 | Orc:4    | Bought a shiny orcish splint mail for 280 gold pieces
 13758 | Lair:1   | Identified the war axe "Ciobb" {flame, rN+, god gift} (Trog gifted it to you on level 1 of the Orcish Mines)
 14054 | Lair:7   | Reached skill level 10 in Shields
 14079 | Lair:7   | Noticed an eight-headed hydra
 14098 | Lair:7   | Killed an eight-headed hydra
 14420 | Lair:8   | Entered Level 8 of the Lair of Beasts
 14564 | Lair:8   | Reached skill level 11 in Shields
 15124 | Lair:7   | Reached skill level 12 in Shields
 15296 | Lair:7   | Found a staircase to the Slime Pits.
 15664 | Lair:8   | Reached skill level 11 in Fighting
 15703 | Lair:8   | Reached XP level 14. HP: 68/107 MP: 21/21
 16057 | Lair:8   | Got a smoking mace
 16493 | D:11     | Noticed a cyclops
 16508 | D:11     | Killed a cyclops
 16508 | D:11     | Received a gift from Trog
 16510 | D:11     | Got a steaming sling {god gift}
 16695 | D:11     | Reached skill level 12 in Fighting
 16832 | D:12     | Killed a hill giant
 16945 | D:13     | Reached skill level 13 in Shields
 17009 | D:14     | Entered Level 14 of the Dungeon
 17061 | D:14     | Found a flickering gateway to a bazaar.
 17066 | Bazaar   | Entered a bazaar
 17074 | Bazaar   | Found Twatzecryp's Antique Weapon Shoppe.
 17085 | Bazaar   | Found Ewupufito's Antique Weapon Emporium.
 17100 | Bazaar   | Found Granla's Antique Armour Shoppe.
 17111 | Bazaar   | Found Crush's Antique Armour Emporium.
 17144 | Bazaar   | Bought an iridescent scimitar for 275 gold pieces
 17146 | Bazaar   | Identified the scimitar "Guac" {slice, rPois rF- rN+ MR SInv} (You bought it in a shop in a bazaar)
 17365 | D:15     | Entered Level 15 of the Dungeon
 17442 | D:15     | Found a gateway to a ziggurat.
 17461 | D:14     | You fall through a shaft!
 17461 | D:16     | Found Fysocud's Magic Scroll Shop.
 17485 | D:16     | Bought a scroll of teleportation for 36 gold pieces
 17942 | D:16     | Reached skill level 13 in Fighting
 18047 | D:16     | HP: 10/111 [skeletal warrior/great mace (22)]
 18225 | D:16     | Found Ablaghes' Food Shop.
 18315 | D:16     | Received a gift from Trog
 18315 | D:16     | Reached skill level 14 in Shields
 18383 | D:17     | Reached XP level 15. HP: 85/118 MP: 22/22
 18398 | D:18     | Found a shattered altar of Ashenzari.
 18628 | D:17     | Reached skill level 14 in Fighting
 19865 | D:18     | Found a staircase to the Vaults.
 20148 | D:19     | Reached skill level 8 in Armour
 20220 | D:20     | Entered Level 20 of the Dungeon
 20255 | D:19     | Reached skill level 15 in Fighting
 20452 | D:19     | Noticed Mara
 20573 | D:17     | HP: 7/121 [fire drake/blast of flame (10)]
 21648 | Vaults:1 | Entered Level 1 of the Vaults
 21787 | D:18     | Reached XP level 16. HP: 40/130 MP: 23/23
 22492 | Shoals:1 | Entered Level 1 of the Shoals
 22502 | Shoals:1 | Reached skill level 9 in Armour
 22502 | Shoals:1 | Reached skill level 15 in Shields
 22538 | Shoals:2 | Reached skill level 16 in Fighting
 22809 | Shoals:3 | Noticed Roxanne
 22894 | Shoals:1 | Received a gift from Trog
 22956 | Shoals:3 | Reached skill level 2 in Traps
 22990 | Shoals:4 | Found Cogg's Food Shop.
 23305 | Shoals:1 | Reached skill level 3 in Traps
 23693 | Snake:1  | Entered Level 1 of the Snake Pit
 23772 | Snake:1  | Noticed Josephine
 23786 | Snake:1  | Killed Josephine
 23889 | Snake:2  | Identified a scroll of acquirement
 23980 | Snake:3  | Found Meenum's Distillery.
 24001 | Snake:3  | Bought a potion of curing for 38 gold pieces
 24001 | Snake:3  | Bought a potion of curing for 38 gold pieces
 24009 | Snake:3  | Noticed Kirke
 24034 | Snake:3  | Killed Kirke
 24041 | Snake:3  | Received a gift from Trog
 24070 | Snake:3  | HP: 9/132 [naga warrior/uncursed runed morningstar (15)]
 24086 | Snake:3  | Reached skill level 4 in Traps
 24460 | Snake:4  | Noticed Jorgrun
 24488 | Snake:4  | Killed Jorgrun
 24488 | Snake:4  | Reached skill level 17 in Fighting
 24729 | Snake:2  | Noticed Snorg
 24750 | Snake:2  | Killed Snorg
 24845 | Snake:2  | Noticed Nessos
 24862 | Snake:2  | Killed Nessos
 24907 | Snake:1  | Noticed Nikola
 25182 | Trove    | Entered a treasure trove
 25185 | Trove    | Got a shimmering bronze amulet
 25194 | Trove    | Got a slimy ivory ring
 25200 | Trove    | Got a shimmering bronze amulet
 25205 | Trove    | Got a twitching copper ring
 25207 | Trove    | Got a warped copper amulet
 25394 | D:16     | Identified the amulet "Piselot" {Faith +Blink} (You found it in a treasure trove)
 25395 | D:16     | Identified the amulet "Shau" {Spirit Contam +Rage Dam+5 SInv} (You found it in a treasure trove)
 25396 | D:16     | Identified the amulet of Elitism {Ward +Rage rC+ Dex-4 SInv} (You found it in a treasure trove)
 25397 | D:16     | Identified the ring "Peall" {Hunger- rElec rPois rN+ Stlth++} (You found it in a treasure trove)
 25398 | D:16     | Identified the ring "Pynov" {SustAb Str+1 Int+2} (You found it in a treasure trove)
 25413 | D:16     | Bought a scroll of identify for 24 gold pieces
 25413 | D:16     | Bought a scroll of identify for 24 gold pieces
 25413 | D:16     | Bought a scroll of identify for 24 gold pieces
 25413 | D:16     | Bought a scroll of identify for 24 gold pieces
 25595 | D:19     | Reached XP level 17. HP: 134/140 MP: 24/24
 25652 | D:20     | Reached skill level 10 in Armour
 25864 | D:20     | Noticed a ghoul
 25886 | D:22     | Reached skill level 5 in Traps
 25933 | D:21     | Found Doer's Food Emporium.
 26118 | D:21     | Found a gateway to Hell.
 26172 | D:21     | Found a snail-covered altar of Cheibriados.
 26172 | D:21     | Found a one-way gate leading to the halls of Pandemonium.
 26858 | D:22     | Found Zaovvysk's Jewellery Shop.
 26877 | D:22     | Bought an uncursed ring of teleport control for 1050 gold pieces
 27027 | D:23     | Reached skill level 6 in Traps
 27046 | D:23     | HP: 14/142 [orc warrior/orcish great mace[an orc knight] (14)]
 27065 | D:23     | Received a gift from Trog
 27130 | D:23     | Reached skill level 18 in Fighting
 27400 | D:24     | Found a one-way gate to the infinite horrors of the Abyss.
 27420 | D:25     | Entered Level 25 of the Dungeon
 28114 | D:24     | Reached XP level 18. HP: 87/151 MP: 16/25
 28214 | D:24     | Reached skill level 11 in Armour
 28334 | D:25     | Reached skill level 7 in Traps
 28554 | D:27     | Entered Level 27 of the Dungeon
 28601 | D:27     | Noticed a storm dragon
 28745 | D:27     | Found a flickering gateway to a bazaar.
 28750 | Bazaar   | Entered a bazaar
 28769 | Bazaar   | Found Zasheff's Book Emporium.
 28791 | Bazaar   | Found Lutzacwap's Armour Shoppe.
 28823 | Bazaar   | Found Shrias' Antique Armour Shoppe.
 28834 | Bazaar   | Found Zuox Iwa's Magic Scroll Emporium.
 28845 | Bazaar   | Found Kemesiaqi's Food Emporium.
 28868 | Bazaar   | Bought a runed elven cloak for 26 gold pieces
 28868 | Bazaar   | Bought a dwarven horned helmet for 66 gold pieces
 29123 | D:25     | Reached skill level 19 in Fighting
 29145 | D:25     | Noticed Wiglaf
 29165 | D:25     | Killed Wiglaf
 29191 | D:25     | Noticed a sphinx
 29217 | D:25     | Killed a sphinx
 29223 | D:25     | Noticed a lich
 29730 | D:19     | Noticed Saint Roka
 29774 | D:19     | Killed Saint Roka
 29774 | D:19     | Reached skill level 8 in Traps
 30062 | Vaults:2 | Received a gift from Trog
 30128 | Vaults:2 | Reached XP level 19. HP: 73/161 MP: 12/25
 30292 | Vaults:2 | Noticed Xtahua
 30302 | Vaults:2 | Killed Xtahua
 30305 | Vaults:2 | Found a deep blue altar of Sif Muna.
 30347 | Vaults:2 | Found Shrad's Assorted Antiques.
 30355 | Vaults:2 | Bought a pair of glowing gauntlets for 46 gold pieces
 30355 | Vaults:2 | Bought a pair of crude boots for 253 gold pieces
 30362 | Vaults:2 | Identified the cursed +0 pair of boots of Sucleilun {rF+ SInv} (You bought it in a shop on level 2 of the Vaults)
 30733 | Vaults:2 | Reached skill level 12 in Armour
 31033 | Vaults:3 | Found Isturhap's Distillery.
 31072 | Vaults:3 | Reached skill level 9 in Traps
 31105 | Vaults:3 | Found Enacw's Armour Shop.
 31234 | Vaults:3 | Found a staircase to the Hall of Blades.
 31265 | Blade    | Entered the Hall of Blades
 31757 | Vaults:4 | Reached skill level 20 in Fighting
 31765 | Vaults:4 | Received a gift from Trog
 31809 | Vaults:4 | Noticed a shadow dragon
 31840 | Vaults:4 | Killed a shadow dragon
 31840 | Vaults:4 | Reached XP level 20. HP: 84/171 MP: 13/26
 31884 | Vaults:4 | Noticed a tentacled monstrosity
 31910 | Vaults:4 | Killed a tentacled monstrosity
 32258 | Vaults:4 | Found Etepuur's Magic Scroll Boutique.
 32280 | Vaults:5 | Entered Level 5 of the Vaults
 32358 | Vaults:4 | Reached skill level 15 in Long Blades
 32391 | Vaults:5 | Noticed a tentacled monstrosity
 32430 | Vaults:4 | Reached skill level 13 in Armour
 32642 | Vaults:5 | Killed a tentacled monstrosity
 33189 | Vaults:5 | Received a gift from Trog
 33383 | Vaults:5 | Reached skill level 21 in Fighting
 33410 | Vaults:5 | Reached XP level 21. HP: 121/181 MP: 19/27
 34085 | Vaults:3 | Noticed a shadow dragon
 34098 | Vaults:3 | Found a staircase to the Crypt.
 34104 | Vaults:3 | Killed a shadow dragon
 34114 | Crypt:1  | Entered Level 1 of the Crypt
 34201 | Crypt:2  | Noticed a bone dragon
 34245 | Crypt:3  | Killed a bone dragon
 34486 | Crypt:3  | You fall through a shaft!
 34486 | Crypt:5  | Entered Level 5 of the Crypt
 35026 | Crypt:5  | Reached skill level 14 in Armour
 35327 | Crypt:5  | Noticed a bone dragon
 35376 | Crypt:5  | Killed a bone dragon
 35856 | Crypt:5  | Noticed an ancient lich
 35906 | Crypt:5  | Reached skill level 22 in Fighting
 35906 | Crypt:5  | Reached XP level 22. HP: 125/192 MP: 10/27
 35955 | Crypt:5  | Found an ancient bone altar of Kikubaaqudgha.
 35998 | Crypt:5  | Got a faintly glowing platinum ring
 36014 | Crypt:5  | Identified the ring of the Rose {Str+5 Dex+3 Int+3} (You found it on level 5 of the Crypt)
 36077 | Crypt:5  | Killed an ancient lich
 36077 | Crypt:5  | Reached skill level 16 in Long Blades
 37053 | Vaults:5 | Noticed a tentacled monstrosity
 37054 | Vaults:5 | Noticed a tentacled monstrosity
 37471 | Vaults:3 | Found Nofiuch's General Store.
 37483 | Vaults:3 | Bought a scroll of teleportation for 45 gold pieces
 37483 | Vaults:3 | Bought a scroll of teleportation for 45 gold pieces
 37483 | Vaults:3 | Bought a scroll of silence for 112 gold pieces
 38331 | Vaults:2 | Bought a scroll of enchant armour for 214 gold pieces
 38806 | Snake:5  | Entered Level 5 of the Snake Pit
 39350 | Snake:5  | Found an iron altar of Okawaru.
 39520 | Snake:5  | Received a gift from Trog
 39617 | Snake:5  | Reached skill level 23 in Fighting
 39663 | Snake:5  | Got a serpentine rune of Zot
 39947 | Shoals:4 | Reached skill level 15 in Armour
 40017 | Shoals:5 | Entered Level 5 of the Shoals
 40170 | Shoals:5 | Got a barnacled rune of Zot
 40323 | Shoals:5 | Noticed Ilsuiw
 40354 | Shoals:5 | Reached XP level 23. HP: 153/203 MP: 22/28
 40473 | Shoals:5 | Killed Ilsuiw
 40651 | Shoals:2 | Received a gift from Trog
 41747 | Vaults:5 | Got a crude scimitar
 41768 | Vaults:5 | Got a blackened book
 41848 | Vaults:5 | Received a gift from Trog
 41865 | Vaults:4 | Identified the cursed scimitar "Navoisek" {antimagic, rPois rC+} (You found it on level 5 of the Vaults)
 42488 | Vaults:5 | Noticed a tentacled monstrosity
 42510 | Vaults:5 | Killed a tentacled monstrosity
 42510 | Vaults:5 | Reached skill level 24 in Fighting
 43034 | Vaults:5 | Got a silver rune of Zot
 43103 | Vaults:5 | Found Braf's Distillery.
 43156 | Vaults:4 | Bought a scroll of blinking for 88 gold pieces
 43156 | Vaults:4 | Bought a scroll of blinking for 88 gold pieces
 43156 | Vaults:4 | Bought a scroll of magic mapping for 56 gold pieces
 43157 | Vaults:4 | Bought a scroll of identify for 32 gold pieces
 43403 | D:22     | Bought an uncursed ring of regeneration for 630 gold pieces
 43624 | D:26     | Noticed a storm dragon
 43646 | D:26     | Killed a storm dragon
 43835 | D:26     | Received a gift from Trog
 44042 | D:26     | Reached skill level 16 in Armour
 44063 | D:25     | Noticed Boris
 44094 | D:26     | Found Cavalauh's Book Shop.
 44135 | D:26     | Noticed a mummy summoner
 44150 | D:26     | Killed a mummy summoner
 44150 | D:26     | Reached XP level 24. HP: 128/216 MP: 6/29
 44203 | D:26     | Got a shimmering falchion
 44207 | D:26     | Identified the falchion of Terror {freeze, rElec rN+ SInv Stlth+} (You found it on level 26 of the Dungeon)
 44765 | D:26     | Got a faintly glowing chain mail
 44783 | D:26     | Identified the +3 chain mail of the Fiend {Dex-4 Int-3} (You found it on level 26 of the Dungeon)
 44960 | D:26     | Received a gift from Trog
 44967 | D:26     | Reached skill level 25 in Fighting
 45056 | D:27     | Noticed a lich
 45082 | D:27     | Killed a lich
 45238 | D:27     | Noticed a storm dragon
 45253 | D:27     | Found a burning altar of Makhleb.
 45292 | D:27     | Killed a storm dragon
 45318 | D:27     | Noticed a storm dragon
 45320 | Zot:1    | Entered Level 1 of the Realm of Zot
 45458 | Zot:1    | Noticed a bone dragon
 45483 | Zot:1    | Killed a bone dragon
 45619 | D:27     | Killed a storm dragon
 45794 | Zot:2    | Noticed a bone dragon
 45814 | Zot:2    | Killed a bone dragon
 45899 | Zot:1    | Noticed a bone dragon
 45946 | Zot:1    | Killed a bone dragon
 46089 | Zot:1    | Received a gift from Trog
 46462 | Zot:2    | Reached XP level 25. HP: 175/228 MP: 27/29
 46549 | Zot:2    | Reached skill level 26 in Fighting
 46549 | Zot:2    | Reached skill level 17 in Armour
 46996 | Zot:2    | Noticed a golden dragon
 47051 | Zot:2    | Killed a golden dragon
 47768 | Zot:5    | Entered Level 5 of the Realm of Zot
 47833 | Zot:5    | Noticed a golden dragon
 47881 | Zot:5    | Noticed a golden dragon
 47904 | Zot:5    | Killed a golden dragon
 47904 | Zot:5    | Reached skill level 27 in Fighting
 48089 | Zot:5    | Noticed a golden dragon
 48148 | Zot:5    | Reached XP level 26. HP: 181/241 MP: 13/29
 48162 | Zot:5    | Killed a golden dragon
 48162 | Zot:5    | Reached skill level 18 in Armour
 48454 | Zot:5    | Noticed an ancient lich
 48471 | Zot:5    | Killed an ancient lich
 48506 | Zot:4    | Killed a golden dragon
 48643 | Zot:5    | Noticed a Killer Klown
 48658 | Zot:5    | Noticed an orb of fire
 48691 | Zot:5    | Killed a Killer Klown
 48855 | Zot:5    | Noticed an ancient lich
 48876 | Zot:4    | Killed an ancient lich
 49042 | Zot:5    | Reached skill level 19 in Armour
 49134 | Zot:5    | Noticed an orb of fire
 49156 | Zot:5    | Killed an orb of fire
 49183 | Zot:5    | Noticed an orb of fire
 49237 | Zot:5    | Killed an orb of fire
 49237 | Zot:5    | Reached skill level 17 in Long Blades
 49274 | Zot:5    | Noticed a Killer Klown
 49358 | Zot:5    | Killed an orb of fire
 49358 | Zot:5    | Reached XP level 27. HP: 144/246 MP: 5/30
 49364 | Zot:5    | Noticed an orb of fire
 49415 | Zot:5    | Killed an orb of fire
 49429 | Zot:5    | Killed a Killer Klown
 49875 | D:20     | Killed a ghoul
 49875 | D:20     | Reached skill level 20 in Armour
 50347 | Zot:5    | Received a gift from Trog
 50503 | Zot:5    | Got the Orb of Zot
 50537 | Zot:5    | :: cute
 51022 | D:13     | Noticed a stone giant
 51042 | D:13     | Noticed Xaob the pandemonium lord
 51186 | D:5      | Noticed Coab the pandemonium lord
 51216 | D:5      | Noticed Clef the pandemonium lord
 51249 | D:4      | Killed Coab the pandemonium lord
 51349 | D:$      | Escaped with the Orb!

Action                   |  1- 3 |  4- 6 |  7- 9 | 10-12 | 13-15 | 16-18 | 19-21 | 22-24 | 25-27 || total
-------------------------+-------+-------+-------+-------+-------+-------+-------+-------+-------++-------
Melee: Short sword       |    16 |   152 |   161 |       |       |       |       |       |       ||   329
       Dagger            |       |       |   110 |       |       |       |       |       |       ||   110
       Demon blade       |       |       |   138 |   943 |  1527 |  1547 |  1637 |  1915 |   947 ||  8654
       Scimitar          |       |       |       |       |    20 |     6 |       |       |       ||    26
       Double sword      |       |       |       |       |       |     2 |    98 |   115 |   258 ||   473
 Fire: Blowgun           |       |       |     7 |       |     1 |       |       |       |       ||     8
Throw: Dart              |       |       |     4 |       |       |       |       |       |       ||     4
Invok: Trog's Hand       |       |       |     7 |    33 |    37 |    50 |    31 |    30 |    29 ||   217
       Brothers in Arms  |       |       |       |     7 |     7 |     2 |       |     1 |       ||    17
       Burn Spellbooks   |       |       |       |     2 |     5 |     1 |     1 |    14 |       ||    23
 Abil: Evoke Teleportati |       |       |       |       |       |     2 |       |     1 |       ||     3
       Self-Restoration  |       |       |       |       |       |       |       |       |     1 ||     1
Evoke: Wand              |    11 |    15 |    44 |    17 |    22 |    23 |     7 |     7 |    18 ||   164
       Miscellaneous     |       |       |       |       |       |     1 |       |       |       ||     1
  Use: Scroll            |       |     5 |    13 |    17 |    15 |    33 |     6 |    14 |     8 ||   111

Table legend:
 A = Turns spent in this place as a percentage of turns spent in the entire game.
 B = Non-inter-level travel turns spent in this place as a percentage of non-inter-level travel turns spent in the entire game.
 C = Inter-level travel turns spent in this place as a percentage of turns spent in this place.
 D = Turns resting spent in this place as a percentage of non-inter-level travel turns spent in this place.
 E = Turns spent auto-exploring this place as a percentage of non-inter-level travel turns spent in this place.
 F = Non-inter-level travel turns spent in this place divided by the number of levels of this place that you've seen.
                   A       B       C       D       E      F
               +-------+-------+-------+-------+-------+----------------------
         Total | 100.0 | 100.0 |   0.6 |   0.7 |   4.0 | 462.7
       Dungeon |  39.4 |  39.3 |   0.8 |   0.8 |   3.9 | 465.2
        Temple |   0.0 |   0.0 |   0.0 |   0.0 |   0.0 |   1.0
  Orcish Mines |   6.9 |   6.9 |   0.3 |   1.4 |   5.9 | 550.0
          Lair |  10.7 |  10.7 |   0.8 |   0.0 |   4.4 | 427.8
        Shoals |   5.0 |   4.9 |   0.8 |   0.1 |   2.5 | 316.0
     Snake Pit |   4.9 |   5.0 |   0.3 |   0.1 |   6.8 | 316.4
Vaults | 14.5 | 14.5 | 0.4 | 1.0 | 5.7 | 928.2 Hall of Blades | 0.0 | 0.0 | 0.0 | 0.0 | 0.0 | 15.0
         Crypt |   6.5 |   6.5 |   0.2 |   0.4 |   3.1 | 416.8
           Zot |  11.2 |  11.2 |   0.3 |   0.7 |   1.0 | 715.8
        Bazaar |   0.7 |   0.7 |   0.0 |   0.0 |   0.9 | 113.0
         Trove |   0.1 |   0.1 |   0.0 |   0.0 |   0.0 |  33.0
               +-------+-------+-------+-------+-------+----------------------

Table legend:
 A = Kills in this place as a percentage of kills in entire the game.
 B = Kills by you in this place as a percentage of kills by you in the entire game.
 C = Kills by friends in this place as a percentage of kills by friends in the entire game.
 D = Other kills in this place as a percentage of other kills in the entire game.
 E = Experience gained in this place as a percentage of experience gained in the entire game.
 F = Experience gained in this place divided by the number of levels of this place that you have seen.
                   A       B       C       D       E      F
               +-------+-------+-------+-------+-------+----------------------
         Total | 100.0 | 100.0 | 100.0 | 100.0 | 100.0 | 19109.5
       Dungeon |  39.3 |  39.7 |  24.5 |   0.0 |  26.7 | 13015.3
  Orcish Mines |   8.4 |   7.9 |  30.2 |   0.0 |   1.5 | 4795.2
          Lair |  10.4 |  10.1 |  26.4 |   0.0 |   3.3 | 5362.9
        Shoals |   4.3 |   4.2 |   5.7 |   0.0 |   3.3 | 8622.4
     Snake Pit |   6.5 |   6.2 |  13.2 | 100.0 |   3.9 | 10356.4
Vaults | 17.6 | 18.0 | 0.0 | 0.0 | 24.4 | 64241.6 Hall of Blades | 0.0 | 0.0 | 0.0 | 0.0 | 0.1 | 1170.0
         Crypt |   6.3 |   6.4 |   0.0 |   0.0 |   6.4 | 16949.8
           Zot |   7.3 |   7.4 |   0.0 |   0.0 |  30.6 | 80607.4
               +-------+-------+-------+-------+-------+----------------------

Vault maps used:
D:1:      sevenhm_entry_forest_fort_large_2
D:2:      first_bread
D:3:      overflow_temple_1_default, overflow_temple_1_default,
          minmay_crystal_room, uniq_grinder, uniq_terence
D:4:      serial_aquarium, aquarium_bridge_square, aquarium_window_3,
          aquarium_window_1, aquarium_window_corner, aquarium_window_2,
          aquarium_view_2c, gup_sewer_entry_spiral, guppyfry_early_elven_hall
D:5:      uniq_menkaure
D:6:      overflow_temple_1_default, beetle_altar_2, lemuel_angel_altar,
          minmay_temple_entry_statues_pillars
D:7:      overflow_temple_1_default, serial_column_ruins,
          column_ruins_open_tiny, column_ruins_corridor_straight,
          column_ruins_columns_corner, column_ruins_open_tiny,
          column_ruins_grid_2, uniq_iyjb, uniq_prince_ribbit1
D:8:      overflow_temple_1_default, erik_orc_3, uniq_edmund
D:9:      overflow_temple_1_default, minivault_27
D:10:     serial_glass, glass_columns_a, glass_columns_a, glass_columns_c,
          glass_columns_a, glass_columns_a, glass_columns_a, glass_columns_a,
          glass_columns_b, feat_on_display, hex_tiny, erik_lair_boring
D:11:     serial_bayou, serial_bayou_lagoon_b, serial_bayou_ford_a,
          serial_bayou_pond_a, serial_bayou_pond_c, enter_trove_0, minivault_12
D:12:     special_room, minmay_misc_feat_four_crosses
D:13:     dispersion_dpeg
D:14:     hangedman_arrow_trap, hangedman_ranch, patterned_corridor,
          serial_shops, bzr_entry_006
D:15:     enter_shallow_ziggurat_d, minmay_misc_feat_tiny
D:16:     infiniplex_staircase_pillars_1, serial_shops, shop_statue, shop
D:17:     infiniplex_staircase_zigzag_1
D:18:     basic_altar, vaults_0_dummy
D:19:     roderic_three_in_a_row, uniq_saint_roka, uniq_mara, uniq_rupert
D:20:     hangedman_screamer, minmay_misc_feat_pillars
D:21:     serial_bayou_pond_e, basic_altar, hell_entry, serial_shops,
          shop_statue, pan_entry
D:22:     hangedman_spin_cycle, hell_entry, pan_entry
D:23:     hell_entry
D:24:     pan_entry, abyss_entry, hell_entry
D:25:     lightli_too_deep, hell_entry, minmay_misc_feat_iff, abyss_entry,
          uniq_boris, uniq_wiglaf
D:26:     mu_enter_wizlab_1, serial_shops, shop_fountains, hell_entry,
          serial_grunt_rogues_gallery, grunt_rogue_3_row, grunt_rogue_2_hall,
          grunt_rogue_2_box, grunt_rogue_1_cross, grunt_rogue_1_simple
D:27:     hangedman_cross_cluster, corexii_corridor_pit, basic_altar,
          serial_shops, freezing_bzr, hell_entry, lemuel_crystal_altar
Temple:   minmay_temple_bridge_a_8
Orc:1:    uniq_blork_the_orc
Orc:2:    mines3_lemuel, uniq_grum, uniq_maurice
Orc:3:    uniq_donald, uniq_urug, uniq_fannar
Orc:4:    st_orc_pillars, mines4_lemuel
Lair:1:   minmay_stone_trees_small, uniq_harold
Lair:2:   good_gods_mini_temple
Lair:4:   serial_bayou_crossing, shoals_dummy_entry,
          minmay_snake_entry_spellcaster
Lair:7:   slime_dummy
Lair:8:   minmay_lair_end_frog_pond
Shoals:3: uniq_aizul, uniq_nergalle, uniq_roxanne
Shoals:4: serial_shops, shop, abandoned_shop
Shoals:5: shoals_end_hangedman, shoal_ilsuiw, nicolae_shoals_kraken_intersection
Snake:1:  serial_bayou_lake_a, uniq_josephine, uniq_nikola
Snake:2:  uniq_nessos, uniq_snorg, uniq_lamia
Snake:3:  serial_shops, shop_statue, uniq_kirke
Snake:4:  uniq_jorgrun
Snake:5:  snake_pit, basic_altar
Vaults:1: ontoclasm_vaults_tryst, ontoclasm_vaults_gateway,
          ontoclasm_vaults_hangar, ontoclasm_vaults_loading_screen, v_misc_3,
          vaults_room_grunt_arrival_ludios, vaults_mumra_minichess_inversion,
          hangedman_vaults_trim, vaults_dpeg_diagonal, dpeg_vaults_monster_box,
          vaults_room_pool
Vaults:2: v_misc_3, vaults_room_semicircle, v_alt_pattern_5, v_alt_pattern_1,
          ontoclasm_vaults_ring_square, v_misc_9, grunt_vaults_diagonal,
          nicolae_vaults_little_squares_2, nicolae_vaults_diagonal_hallway_7,
          v_alt_pattern_1, vaults_mumra_chevron_long, v_misc_9,
          vaults_room_stairs_pillars, ontoclasm_vaults_ligature, v_pattern_1,
          ontoclasm_vaults_eye, nicolae_vaults_rhombus_7, vaults_room_pools,
          vaults_dpeg_hooks, nicolae_vaults_shelves_hall, serial_shops, shop,
          basic_altar, uniq_mennas, uniq_xtahua, uniq_frances
Vaults:3: ontoclasm_vaults_twist, minmay_crypt_entry_nasty_monster, v_misc_2,
          st_quartered_hall, v_misc_28, v_misc_29,
          vaults_blade_entry_basic_grunt, serial_shops, shop, shop_statue, shop,
          shop_statue
Vaults:4: nicolae_vaults_little_squares_4, vaults_dpeg_doors,
          nicolae_vaults_angled_halls, grunt_vaults_trifunnel, v_misc_4,
          st_octagons_2, grunt_vaults_twisty, vaults_mumra_hexcomb, v_misc_29,
          ontoclasm_vaults_ring_square, v_pattern_5, vaults_dpeg_ring,
          serial_shops, shop
Vaults:5: serial_shops
Crypt:2:  crypt_curse_skull, small_chamber_with_monster, lemuel_hellish_altar,
          tomb_entry_simple_bobbens
Crypt:3:  crypt_curse_skull_rare, special_room, crypt_curse_skull, st_stairs_8,
          baited_tele_trap
Crypt:4:  crypt_curse_skull, serial_teleporters_dummy
Crypt:5:  cryptofortress_bobbens
Zot:2:    lemuel_halls_of_wrath
Zot:3:    lemuel_flame_stairs_1
Bazaar:   bazaar_minmay_armour_weapon, bazaar_jpeg_circle_rare_3
Trove:    trove_jewellery_lava

Action                   |  1- 3 |  4- 6 |  7- 9 | 10-12 | 13-15 | 16-18 | 19-21 | 22-24 | 25-27 || total
-------------------------+-------+-------+-------+-------+-------+-------+-------+-------+-------++-------
Melee: Short sword       |    16 |   152 |   161 |       |       |       |       |       |       ||   329
       Dagger            |       |       |   110 |       |       |       |       |       |       ||   110
       Demon blade       |       |       |   138 |   943 |  1527 |  1547 |  1637 |  1915 |   947 ||  8654
       Scimitar          |       |       |       |       |    20 |     6 |       |       |       ||    26
       Double sword      |       |       |       |       |       |     2 |    98 |   115 |   258 ||   473
 Fire: Blowgun           |       |       |     7 |       |     1 |       |       |       |       ||     8
Throw: Dart              |       |       |     4 |       |       |       |       |       |       ||     4
Invok: Trog's Hand       |       |       |     7 |    33 |    37 |    50 |    31 |    30 |    29 ||   217
       Brothers in Arms  |       |       |       |     7 |     7 |     2 |       |     1 |       ||    17
       Burn Spellbooks   |       |       |       |     2 |     5 |     1 |     1 |    14 |       ||    23
 Abil: Evoke Teleportati |       |       |       |       |       |     2 |       |     1 |       ||     3
       Self-Restoration  |       |       |       |       |       |       |       |       |     1 ||     1
Evoke: Wand              |    11 |    15 |    44 |    17 |    22 |    23 |     7 |     7 |    18 ||   164
       Miscellaneous     |       |       |       |       |       |     1 |       |       |       ||     1
  Use: Scroll            |       |     5 |    13 |    17 |    15 |    33 |     6 |    14 |     8 ||   111
